 Dungeon Crawl Stone Soup version 0.30-a0-414-gcb316572d5 (webtiles) character file.

Game seed: 14306017812657262470

5268 p00ps00p the Cleaver (level 10, -6/93 HPs)
             Began as a Hill Orc Fighter on Dec 8, 2022.
             Was an Initiate of Gozag.
             Mangled by an orc warrior
             ... wielding a +0 trident
              (15 damage)
             ... in a bailey.
             The game lasted 00:11:38 (7224 turns).

p00ps00p the Cleaver (Hill Orc Fighter)             Turns: 7224, Time: 00:11:39

Health: -6/93      AC: 12    Str: 29    XL:     10   Next: 62%
Magic:  10/10      EV: 10    Int: 12    God:    Gozag
Gold:   1196       SH:  6    Dex: 16    Spells: 9/9 levels left

rFire   . . .      SeeInvis .    l - +4 war axe (flame)
rCold   . . .      Faith    .    c - +0 buckler
rNeg    . . .      Spirit   .    p - +1 scale mail "Joumam" {rPois Str+5 Int+4}
rPois   +          Reflect  .    (no helmet)
rElec   .          Harm     .    d - +0 cloak
rCorr   .          Rampage  .    g - +0 pair of gloves
Will    .....                    (no boots)
Stlth   ..........               j - amulet of regeneration
HPRegen 1.15/turn                i - +6 ring of dexterity
MPRegen 0.12/turn                C - ring of poison resistance

@: mighty
A: no striking features
a: Renounce Religion, Potion Petition, Call Merchant, Bribe Branch


You were in a bailey.
You worshipped Gozag.
Gozag was most pleased with you.
You visited 1 branch of the dungeon, and saw 9 of its levels.
You also visited: Bailey.

You collected 1297 gold pieces.
You paid 101 gold pieces to Gozag.

Inventory:

Hand Weapons
 a - a +0 war axe
 l - a +4 war axe of flaming (weapon)
Missiles
 s - 19 poisoned darts (quivered)
Armour
 c - a +0 buckler (worn)
 d - a +0 cloak (worn)
 g - a +0 pair of gloves (worn)
 p - the +1 scale mail "Joumam" (worn) {rPois Str+5 Int+4}
   (You found it on level 3 of the Dungeon)

   Str:       It affects your strength (+5).
   Int:       It affects your intelligence (+4).
   rPois:     It protects you from poison.
 D - a +1 plate armour of fire resistance
Jewellery
 i - a +6 ring of dexterity (left hand)
 j - an amulet of regeneration (around neck)
 C - a ring of poison resistance (right hand)
Wands
 e - a wand of flame (30)
 A - a wand of paralysis (3)
Scrolls
 n - 4 scrolls of teleportation
 o - 3 scrolls of fear
 v - a scroll of amnesia
 y - a scroll of poison
Potions
 b - a potion of attraction {unknown}
 f - 3 potions of mutation
 h - 2 potions of resistance {unknown}
 k - 2 potions of berserk rage {unknown}
 m - 4 potions of haste {unknown}
 q - 3 potions of flight
 t - 6 potions of heal wounds
 u - a potion of curing {unknown}
 x - 2 potions of lignification {unknown}
 z - 3 potions of brilliance {unknown}
 B - a potion of ambrosia {unknown}
 F - a potion of magic {unknown}
Miscellaneous
 E - a phial of floods (inert)


   Skills:
 + Level 10.0 Fighting
 + Level 10.4 Axes
 + Level 9.1 Armour
 + Level 9.1 Shields


You had 9 spell levels left.
You didn't know any spells.
Your spell library contained the following spells:

 Spells                   Type           Power      Damage    Failure   Level
 Magic Dart               Conj           0%         1d3       61%         1
 Searing Ray              Conj           0%         2d4       75%         2
 Kindle Blastsparks       Fire/Tloc/Air  0%         2d10      93%         3
 Fulminant Prism          Conj/Hex       0%         3d5       100%        4
 Iskenderun's Mystic Bla  Conj/Tloc      0%         2d3       100%        4
 Olgreb's Toxic Radiance  Pois           0%         N/A       100%        4
 Lee's Rapid Deconstruct  Erth           0%         3d4*      100%        5
 Ozocubu's Refrigeration  Ice            0%         4d7       100%        7
 Ignition                 Fire           0%         3d3       100%        8


Dungeon Overview and Level Annotations

Branches:
Dungeon (9/15)             Temple (0/1) D:7            Lair (0/5) D:8
 Bailey (1/1)
    Orc: D:9-12

Altars:
Dithmenos
Elyvilon
Gozag
Kikubaaqudgha
Nemelex Xobeh
Sif Muna
Vehumet
Wu Jian
Xom
Yredelemnul
Zin

Shops:
D:6 (


Message History

Aim: an orc warrior, wielding a +0 spear and wearing a +0 chain mail (moderately wounded, strong)
The mass of ice explodes!
The iceblast engulfs the orc warrior!
The orc warrior is heavily wounded.
The iceblast engulfs the orc warrior.
The orc warrior is moderately wounded.
The iceblast engulfs the orc knight.
The orc knight is lightly wounded.
The now-empty wand crumbles to dust.
The orc knight is no longer distracted by gold.
The orc warrior no longer looks unusually strong.
The orc knight is distracted by your dazzling golden aura.
It was a potion of heal wounds.
You feel much better.
You feel very mighty all of a sudden. You block the orc warrior's attack.
The orc knight roars a battlecry!
The orc warrior goes into a battle-frenzy!
The orc warrior hits you but does no damage.
The orc knight shouts!
The orc warrior no longer looks unusually strong.
You block the orc warrior's attack.
The orc warrior hits you from afar with a +0 glaive!
The orc warrior closely misses you.
The orc knight roars a battlecry!
The orc warrior goes into a battle-frenzy!
The orc warrior closely misses you.
You closely miss the orc warrior.
The orc warrior is heavily wounded.
You closely miss the orc warrior. The orc warrior closely misses you.
You block the orc warrior's attack.
The orc warrior hits you with a +0 trident.
* * * LOW HITPOINT WARNING * * *
The orc warrior no longer looks unusually strong.
The orc knight no longer looks unusually strong.
The orc knight is no longer distracted by gold.
The orc warrior hits you but does no damage.
The orc warrior hits you with a +0 glaive!!
* * * LOW HITPOINT WARNING * * *
The orc warrior hits you with a +0 trident!
You die...
Your body crumbles into a pile of gold.

#))#8#..#
#.)#.#..#
#)))....#
#.......#
##.....##
##'''##
#.....#
#...o.#
#.o@..#
#.oo..#
#..oo.#
##'''##
##.$$$.##
#...$...#
#.$#.#..#
#.......#
#.. ....#


You could see 2 orc knights and 4 orc warriors.

Vanquished Creatures
  Grinder (D:5)
  9 yaks
  A wyvern (D:9)
  3 steam dragons
  7 orc warriors
  The ghost of retardedninja the Trooper, an amateur DrFi (D:4)
  2 sky beasts
  4 centaurs
  2 ogres
  2 kobold brigands
  A necrophage (D:5)
  2 gnoll sergeants
  4 bullfrogs
  2 scorpions (D:6)
  3 howler monkeys (D:9)
  The ghost of MrSquiggles the Chiller, a weakling MfIE (D:3)
  7 orc priests
  2 hounds
  3 jellies
  A gnoll bouda (D:5)
  Crazy Yiuf (D:2)
  2 iguanas
  4 orc wizards
  24 gnolls
  9 adders
  A shadow imp (D:6)
  An ufetubus (D:4)
  A worm (D:2)
  4 dart slugs
  48 orcs
  6 ball pythons
  8 bats
  7 endoplasms
  A giant cockroach (D:1)
  5 goblins
  7 hobgoblins
  3 jackals (D:4)
  3 quokkas
  6 frilled lizards
  20 kobolds
  3 rats
222 creatures vanquished.

Vanquished Creatures (others)
  An orc wizard (D:7)
  An orc (D:7)
  4 fungi (D:3)
6 creatures vanquished.

Grand Total: 228 creatures vanquished

Notes
Turn   | Place    | Note
-------+----------+-------------------------------------------
     0 | D:1      | p00ps00p the Hill Orc Fighter began the quest for the Orb.
     0 | D:1      | Reached XP level 1. HP: 19/19 MP: 1/1
    73 | D:1      | Reached XP level 2. HP: 26/27 MP: 2/2
   577 | D:1      | Reached XP level 3. HP: 33/33 MP: 3/3
   906 | D:2      | Found a runed translucent door.
   907 | D:2      | Noticed Crazy Yiuf
   914 | D:2      | Killed Crazy Yiuf
   915 | D:2      | Reached XP level 4. HP: 25/40 MP: 4/4
  1080 | D:2      | Reached XP level 5. HP: 47/47 MP: 5/5
  1636 | D:3      | Identified the +1 scale mail "Joumam" {rPois Str+5 Int+4}
  1764 | D:3      | Found a runed translucent gate.
  1765 | D:3      | Noticed MrSquiggles's ghost (weakling MfIE)
  1766 | D:3      | Found a runed translucent gate.
  1766 | D:3      | Noticed a kobold brigand
  1767 | D:3      | Found a runed translucent gate.
  1804 | D:3      | Reached skill level 5 in Fighting
  1804 | D:3      | Reached XP level 6. HP: 44/56 MP: 2/6
  1973 | D:3      | Found a sparkling altar of Nemelex Xobeh.
  2099 | D:3      | Reached skill level 5 in Axes
  2103 | D:3      | Killed MrSquiggles's ghost
  2318 | D:4      | Found a glowing silver altar of Zin.
  2318 | D:4      | Noticed an angel
  2341 | D:4      | Found a white marble altar of Elyvilon.
  2732 | D:4      | Found a runed translucent gate.
  2732 | D:4      | Found a runed translucent gate.
  2732 | D:4      | Found a runed translucent gate.
  2760 | D:4      | Noticed retardedninja's ghost (amateur DrFi)
  3042 | D:4      | Killed retardedninja's ghost
  3043 | D:4      | Reached skill level 5 in Armour
  3043 | D:4      | Reached skill level 5 in Shields
  3043 | D:4      | Reached XP level 7. HP: 33/61 MP: 2/7
  3083 | D:5      | Entered Level 5 of the Dungeon
  3278 | D:5      | Noticed Grinder
  3284 | D:5      | Killed Grinder
  3315 | D:5      | Reached XP level 8. HP: 48/71 MP: 2/8
  3579 | D:5      | Found a shadowy altar of Dithmenos.
  3580 | D:5      | Noticed a yak
  3580 | D:5      | Noticed a yak
  3581 | D:5      | Noticed a yak
  3581 | D:5      | Noticed a yak
  3590 | D:5      | Killed a yak
  3591 | D:5      | Killed a yak
  3594 | D:5      | Killed a yak
  3603 | D:5      | Killed a yak
  4114 | D:5      | Found an ancient bone altar of Kikubaaqudgha.
  4124 | D:5      | Found a shimmering blue altar of Sif Muna.
  4136 | D:5      | Found a radiant altar of Vehumet.
  4203 | D:5      | Found an opulent altar of Gozag.
  4208 | D:5      | Reached XP level 9. HP: 54/79 MP: 3/9
  4226 | D:5      | Became a worshipper of Gozag Ym Sagoz the Greedy
  4473 | D:5      | Found an ornate altar of the Wu Jian Council.
  4876 | D:6      | Found Rejolion's Weapon Shop.
  5752 | D:7      | Reached XP level 10. HP: 71/91 MP: 10/10
  5780 | D:7      | Found a staircase to the Ecumenical Temple.
  6129 | D:7      | Found a basalt altar of Yredelemnul.
  6155 | D:8      | Found a staircase to the Lair.
  6224 | D:8      | Found a shimmering altar of Xom.
  7016 | D:9      | Found a flagged portal.
  7023 | D:9      | Reached skill level 10 in Axes
  7052 | Bailey   | Entered a bailey
  7140 | Bailey   | Reached skill level 10 in Fighting
  7206 | Bailey   | Noticed an orc knight
  7208 | Bailey   | Noticed an orc knight
  7224 | Bailey   | Mangled by an orc warrior

Illustrated notes

Levels and vault maps discovered:
D:1:      minmay_arrival_checkered_box, layout_basic, minivault_27
D:2:      layout_loops_ring, kennysheep_donut, uniq_crazy_yiuf_cottage
D:3:      layout_rooms, nemelex_xobeh_ov_fountains_minmay,
          gammafunk_ghost_nasty_kobolds
D:4:      layout_gridville, zin_angel, elyvilon_altar_3,
          ebering_ghost_rock_garden, serial_co_window_serial, co_window_paths_a,
          co_window_of_opportunity_a, co_window_paths_a,
          co_window_of_opportunity_a, co_window_paths_b, co_window_broadway_a,
          co_window_2corner, co_window_unsneaky_path_e, co_window_paths_d,
          co_window_4corner_a, glass_columns_a
D:5:      layout_cave_pods, palyth_temple_overflow_mages,
          nicolae_gozag_cash_rules_everything_around_me,
          nicolae_dithmenos_shadow_blocks, nicolae_wu_jian_glorious_leap,
          corexii_corridor_pit, uniq_grinder
D:6:      layout_loops_ring, serial_shops, shop, minivault_11,
          kb_lookout_dungeons_type
D:7:      layout_rooms, general_overflow_altar, minmay_temple_entry_tees,
          reono_crystal_passage
D:8:      layout_cave_pools, mainiacjoe_overflow_alcove_4, lair_entry_dummy
D:9:      layout_stronghold, trog_hazing_becter,
          mainiacjoe_overflow_tiny_flanked, serial_shops, shop, enter_bailey_6,
          uniq_maggie
Bailey:   bailey_polearm_5, bailey

Skill      XL: |  1  2  3  4  5  6  7  8  9 10 |
---------------+-------------------------------+-----
Axes           | 3 4 5 6 7 9 10 | 10.4
Fighting       | 4 5 6 7 9 10 | 10.0
Shields        | 4 5 6 8 9 |  9.1
Armour         | 4 5 6 8 9 |  9.1

Action                   |  1- 3 |  4- 6 |  7- 9 | 10-12 || total
-------------------------+-------+-------+-------+-------++-------
Melee: War axe           |    70 |   142 |   158 |    89 ||   459
Evoke: Wand              |       |       |    13 |     4 ||    17
       Phial of floods   |       |       |       |     1 ||     1
  Use: Scroll            |     3 |     6 |     7 |     3 ||    19
       Potion            |     1 |       |     1 |     2 ||     4
 Stab: Distracted        |       |       |     2 |     1 ||     3
Armor: Scale mail        |    17 |    62 |    79 |    49 ||   207
Dodge: Dodged            |    31 |    66 |    73 |    81 ||   251
Block: Buckler           |    15 |    40 |    46 |    46 ||   147

Table legend: (Time is in decaauts)
 A = Elapsed time spent in this place.
 B = Non-inter-level travel time spent in this place.
 C = Inter-level travel time spent in this place.
 D = Time resting spent in this place.
 E = Time spent auto-exploring this place.
 F = Levels seen in this place.
 G = Mean time per level.
                   A        B        C        D        E       F      G
               +--------+--------+--------+--------+--------+-----+--------+
         Total |   7320 |   7034 |    286 |    723 |   4823 |  10 |  732.0 |
       Dungeon |   7148 |   6862 |    286 |    723 |   4712 |   9 |  794.2 |
        Bailey |    172 |    172 |      0 |      0 |    111 |   1 |  172.0 |
               +--------+--------+--------+--------+--------+-----+--------+

Top non-repeatable levels by time:
     D:5: 1685 daAuts
     D:4: 927 daAuts
     D:1: 895 daAuts
     D:6: 753 daAuts
     D:2: 682 daAuts
     D:7: 655 daAuts
     D:3: 649 daAuts
     D:8: 549 daAuts
     D:9: 350 daAuts
  Bailey: 172 daAuts
